 Dungeon Crawl Stone Soup version 0.17-a0-1596-g1e86911 (console) character file.

235 FIQ the Shield-Bearer (level 6, -2/49 HPs)
             Began as a Formicid Fighter on July 30, 2015.
             Killed by divine providence
             ... invoked by an orc priest
              (12 damage)
             ... on level 3 of the Dungeon.
             The game lasted 00:09:14 (1405 turns).

FIQ the Shield-Bearer (Formicid Fighter)            Turns: 1405, Time: 00:09:14

Health: -2/49      AC:  7    Str: 20    XL:     6   Next: 27%
Magic:  6/6        EV:  8    Int:  8    God:
Gold:   94         SH: 10    Dex: 12    Spells: 0 memorised, 5 levels left

rFire  . . .     SeeInvis +     a - +0 war axe
rCold  . . .     Clarity  .     b - +0 scale mail
rNeg   . . .     SustAt   .     c - +0 shield
rPois  .         Gourm    .     (helmet unavailable)
rElec  .         Spirit   .     (no cloak)
rCorr  .         Warding  .     (no gloves)
rMut   .         Stasis   +     (no boots)
MR     .....                    (no amulet)
Stlth  ..........               (no ring)
                                (no ring)

@: not resistant to hostile enchantments, extremely unstealthy
A: permanent stasis, dig shafts and tunnels, four strong arms, antennae 3
a: Dig, Shaft Self


You were on level 3 of the Dungeon.
You were not hungry.

You visited 1 branch of the dungeon, and saw 3 of its levels.

You collected 94 gold pieces.

Inventory:

Hand weapons
 a - a +0 war axe (weapon)
Armour
 b - a +0 scale mail (worn)
 c - a +0 shield (worn)
Jewellery
 q - a +1 ring of protection {unknown}
Scrolls
 j - a scroll of amnesia {unknown}
 l - a scroll of teleportation {unknown}
 n - a scroll of identify {unknown}
 p - a scroll of fear {unknown}
Potions
 f - a potion of heal wounds {unknown}
 g - a potion of brilliance {unknown}
 i - a potion of mutation {unknown}
 m - 2 potions of curing {unknown}
 o - a potion of poison {unknown}
Comestibles
 d - 8 chunks of flesh
 e - a bread ration
 h - 4 fruits
 k - a meat ration


   Skills:
 + Level 4.3 Fighting
 + Level 3.6 Axes
 + Level 4.8 Armour
 + Level 4.8 Shields


You had 5 spell levels left.
You didn't know any spells.

Dungeon Overview and Level Annotations

Branches:
Dungeon (3/15)

Altars:
The Shining One


Innate Abilities, Weirdness & Mutations

You are under a permanent stasis effect.
You can dig through walls and to a lower floor.
Your four strong arms can wield two-handed weapons with a shield.
You have a pair of large antennae on your head (SInv).


Message History

Something smites you!
* * * LOW HITPOINT WARNING * * *
You are too injured to fight recklessly!
Drink which item? (? for menu, Esc to quit)
Okay, then.
You are too injured to fight recklessly!
You are too injured to fight recklessly!
You are too injured to fight recklessly!
You closely miss the orc priest.
The orc priest is lightly wounded.
You block the orc priest's attack.
You slash the orc priest!
The orc priest is severely wounded.
The orc priest hits you but does no damage.
You block the orc priest's attack.
You barely miss the orc priest.
The orc priest is severely wounded.
The orc priest invokes the aid of Beogh against you.
Something smites you!
You die...

...# ....# ....#
{.... #..# .# #..#
..## ####..# ...$
#@#{..# ....#
##o#..####...#
######..#.>...#
#...{.....#
{l.##.....{####...
{ #.....o.......
#....#.##.....
####.#.# #..$
#.#.# .# ..#.#
#.g..


You could see an orc priest.

Vanquished Creatures
  A jelly (D:1)
  An orc priest (D:3)
  8 gnolls
  An adder (D:2)
  6 oozes
  2 worms
  2 orcs (D:3)
  2 ball pythons
  9 giant cockroaches
  3 goblins (D:2)
  6 hobgoblins
  A jackal (D:1)
  3 kobolds
  2 quokkas
  8 bats
  2 giant newts (D:2)
  9 rats
66 creatures vanquished.

Notes
Turn   | Place    | Note
--------------------------------------------------------------
     0 | D:1      | FIQ the Formicid Fighter began the quest for the Orb.
     0 | D:1      | Reached XP level 1. HP: 18/18 MP: 1/1
     0 | D:1      | Noticed a jelly
     1 | D:1      | Found a runed door.
    30 | D:1      | Reached XP level 2. HP: 21/24 MP: 2/2
    37 | D:1      | Killed a jelly
    37 | D:1      | Reached skill level 4 in Shields
    37 | D:1      | Reached XP level 3. HP: 14/30 MP: 3/3
    44 | D:1      | Reached XP level 4. HP: 16/37 MP: 4/4
   681 | D:2      | Found a glowing golden altar of the Shining One.
   697 | D:2      | Reached XP level 5. HP: 39/42 MP: 5/5
  1301 | D:2      | Reached XP level 6. HP: 24/48 MP: 6/6
  1405 | D:3      | Killed from afar by an orc priest

Vault maps used:
D:1:      dpeg_arrival_caged_fury, minmay_misc_feat_ornament,
          minmay_misc_feat_encased
D:2:      old_standard_altar

Action                   |  1- 3 |  4- 6 || total
-------------------------+-------+-------++-------
Melee: War axe           |    17 |   159 ||   176
 Abil: Dig               |       |     2 ||     2
  Use: Potion            |     1 |       ||     1
  Eat: Chunk             |       |     2 ||     2
